 Dungeon Crawl Stone Soup version 0.26-a0-833-g7262b39652 (webtiles) character file.

Game seed: 16967958838318382668

47 Baz the Sneak (level 3, 0/29 HPs)
             Began as a Mummy Delver on Nov 16, 2020.
             Slain by a worker ant (4 damage)
             ... on level 4 of the Dungeon.
             The game lasted 00:03:07 (1137 turns).

Baz the Sneak (Mummy Delver)                        Turns: 1137, Time: 00:03:07

Health: 0/29       AC:  7    Str: 16    XL:     3   Next: 48%
Magic:  3/3        EV: 10    Int:  9    God:
Gold:   25         SH:  0    Dex: 13    Spells: 2/2 levels left

rFire    x . .     SeeInvis .   a - +0 mace
rCold    + . .     Faith    .   (no shield)
rNeg     + + +     Spirit   .   h - +0 scale mail
rPois    ∞         Reflect  .   (no helmet)
rElec    .         Harm     .   (no cloak)
rCorr    .         Rampage  .   g - +0 pair of gloves
MR       .....                  (no boots)
Stlth    +.........             (no amulet)
HPRegen  0.09/turn              (no ring)
MPRegen  0.08/turn              (no ring)

@: no status effects
A: no potions, fire vulnerability, cold resistance 1, negative energy resistance
3, torment resistance, unbreathing
a: no special abilities


You were on level 4 of the Dungeon.
You visited 1 branch of the dungeon, and saw 3 of its levels.

You collected 25 gold pieces.

Inventory:

Hand Weapons
 a - a +0 mace (weapon)
Armour
 b - a +0 leather armour
 g - a +0 pair of gloves (worn)
 h - a +0 scale mail (worn)
Wands
 f - a wand of digging (3)
Scrolls
 c - a scroll of fog
 d - a scroll of magic mapping
 e - a scroll of fear


   Skills:
 + Level 3.4 Fighting
 + Level 2.1 Maces & Flails
 + Level 1.1 Armour
 + Level 2.1 Dodging
 - Level 4.1 Stealth


You had 2 spell levels left.
You didn't know any spells.
Your spell library was empty.

Dungeon Overview and Level Annotations

Branches:
Dungeon (6/15)
 Temple: D:4-7

Altars:

Annotations:
D:5 exclusion: wight


Innate Abilities, Weirdness & Mutations

You do not drink.
Your flesh is vulnerable to fire.
You are immune to poison.
Your flesh is cold resistant. (rC+)
You are immune to negative energy. (rN+++)
You are immune to unholy pain and torment.
You can survive without breathing.


Message History

You hit the worker ant.
The worker ant is severely wounded.
The worker ant bites you but does no damage.
You hit the worker ant but do no damage.
The worker ant is severely wounded.
The worker ant bites you but does no damage.
The worker ant bites you.
You hit the worker ant.
The worker ant is almost dead.
The worker ant bites you.
The worker ant bites you but does no damage.
You barely miss the worker ant.
The worker ant is almost dead.
The worker ant bites you.
You hit the worker ant.
The worker ant is almost dead.
The worker ant bites you.
* * * LOW HITPOINT WARNING * * *
The worker ant bites you.
You die...

####+#+######.
#.............
#$....B.......
#.....@.......
#..........?..
##############


You could see a worker ant.

Vanquished Creatures
  A bullfrog skeleton (D:5)
  A worker ant zombie (D:5)
  3 orcs (D:5)
5 creatures vanquished.

Notes
Turn   | Place    | Note
-------+----------+-------------------------------------------
     0 | D:5      | Baz the Mummy Delver began the quest for the Orb.
     0 | D:5      | Reached XP level 1. HP: 18/18 MP: 1/1
    36 | D:4      | Noticed a worker ant
    79 | D:5      | Reached XP level 2. HP: 8/24 MP: 2/2
   412 | D:6      | Noticed an orc warrior
   412 | D:6      | Noticed a sky beast
   757 | D:5      | Reached skill level 1 in Armour
   757 | D:5      | Reached XP level 3. HP: 5/29 MP: 3/3
  1137 | D:4      | Slain by a worker ant

Illustrated notes

Levels and vault maps discovered:
D:4:      minmay_chambers_of_threes, layout_basic, nicolae_ashenzari_panopticon,
          uniq_robin, uniq_pikel
D:5:      layout_gridville, minmay_temple_entry_drinking_statues
D:6:      cheibrodos_two_vegetables, layout_cave_pools,
          eat_drink_and_be_merry_uskayaw, gammafunk_ghost_cemetery,
          portal_sewer_entry_f, fedhas_altar_1, uniq_edmund, uniq_sigmund,
          uniq_prince_ribbit1

Skill      XL: |  1  2 |
---------------+-------+-----
Maces & Flails | 2 |  2.1
Armour         | 1 |  1.1
Dodging        | 2 |  2.1
Fighting       | |  3.4
Stealth        | |  4.1

Action                   || total
-------------------------++-------
Melee: Mace              ||    54
Armor: Leather armour    ||     7
       Scale mail        ||     7
Dodge: Dodged            ||    35

Table legend: (Time is in decaauts)
 A = Elapsed time spent in this place.
 B = Non-inter-level travel time spent in this place.
 C = Inter-level travel time spent in this place.
 D = Time resting spent in this place.
 E = Time spent auto-exploring this place.
 F = Levels seen in this place.
 G = Mean time per level.
                   A        B        C        D        E       F      G
               +--------+--------+--------+--------+--------+-----+--------+
         Total |   1154 |   1154 |      0 |    783 |      0 |   3 |  384.7 |
       Dungeon |   1154 |   1154 |      0 |    783 |      0 |   3 |  384.7 |
               +--------+--------+--------+--------+--------+-----+--------+

Top non-repeatable levels by time:
     D:5: 1136 daAuts
     D:4: 16 daAuts
     D:6: 1 daAuts
